 Dungeon Crawl Stone Soup version 0.29.0-4-gdea44cf6ec (webtiles) character file.

Game seed: 752187737552892646

53 qw the Chopper (level 3, 0/21 HPs)
             Began as a Tengu Warper on Aug 28, 2022.
             Slain by Sigmund
             ... wielding a +0 scythe
              (6 damage)
             ... on level 2 of the Dungeon.
             The game lasted 00:00:11 (2003 turns).

qw the Chopper (Tengu Warper)                       Turns: 2003, Time: 00:00:11

Health: 0/21       AC:  8    Str: 13    XL:     3   Next: 89%
Magic:  7/7        EV: 11    Int: 13    God:
Gold:   108        SH:  0    Dex: 13    Spells: 6/6 levels left

rFire   . . .      SeeInvis .   Y - +0 hand axe
rCold   . . .      Faith    .   (no shield)
rNeg    . . .      Spirit   .   g - +0 ring mail
rPois   .          Reflect  .   (helmet restricted)
rElec   .          Harm     .   h - +2 cloak
rCorr   .          Rampage  .   (no gloves)
Will    .....                   (boots unavailable)
Stlth   +.........              (no amulet)
HPRegen 0.07/turn               (no ring)
MPRegen 0.10/turn               (no ring)

@: no status effects
A: beak, talons 3
a: no special abilities


You were on level 2 of the Dungeon.
You visited 1 branch of the dungeon, and saw 3 of its levels.

You collected 108 gold pieces.


Innate Abilities, Weirdness & Mutations

You have a beak for a mouth.
You have claws for feet.


   Skills:
 - Level 2.0 Fighting
 + Level 4.5 Axes
 - Level 1.0 Throwing
 - Level 1.1 Armour
 - Level 2.1 Dodging
 - Level 2.0 Spellcasting
 - Level 2.4 Translocations


You had 6 spell levels left.
You didn't know any spells.
Your spell library contained the following spells:

 Spells                   Type           Power      Damage    Failure   Level
 Blink                    Tloc           14%        N/A       30%         2
 Gell's Gravitas          Tloc           7%         N/A       52%         3
 Lesser Beckoning         Tloc           7%         N/A       52%         3
 Teleport Other           Tloc           7%         N/A       52%         3
 Manifold Assault         Tloc           7%         N/A       99%         5

Inventory:

Hand Weapons
 e - a +0 whip
 Y - a +0 hand axe (weapon)
Armour
 g - a +0 ring mail (worn)
 h - a +2 cloak (worn)
Scrolls
 a - a scroll of identify
Potions
 b - a potion of might {unknown}
 d - a potion of cancellation {unknown}
 i - a potion of curing {unknown}

Dungeon Overview and Level Annotations

Branches:
Dungeon (3/15)

Altars:

Annotations:
D:3 Sigmund


Message History

Done exploring.
1958 ||| READING 2 scrolls labelled MAUJASMUOSK.
As you read the scroll labelled MAUJASMUOSK, it crumbles to dust.
It is a scroll of identify.
Really abort (and waste the scroll)?
Done exploring.
(D) Dungeon
Where to? (* - list waypoints, Enter - D:2, ? - help)
What level of the Dungeon? (default 1, ? - help)
There is an open door here.
There is a stone staircase leading up here.
There is a stone staircase leading down here.
You climb downwards.
Sigmund shouts!
There is a stone staircase leading up here.
Sigmund is nearby!
Existing waypoints: (1) D:2 (2) D:1 Assign waypoint to what number? (0-9, D - delete waypoint) Waypoint 2 re-assigned from D:1 to D:3.
You hit Sigmund but do no damage. Your kick misses Sigmund. You peck Sigmund.
Sigmund is lightly wounded.
Sigmund gestures wildly while chanting.
Sigmund flickers and vanishes!
Deactivating autopickup; reactivate with Ctrl-A.
You miss something. Your kick misses something. Something hits you.
You hit something. Your kick misses something. Your peck misses something.
You miss something. Your kick misses something. Something hits you!
2001 ||| STAIRDANCE You hear some strange, mumbled words.
A magic dart appears from out of thin air!
The magic dart hits you.
You climb upwards.
Reactivating autopickup.
There is a stone staircase leading down here.
You start resting.
Something hits you.
You die...

#####.## ####### #.....~~~## #.#
#.....# #....~~~~~# ###.# #.....#
##.#.~~~~~~ #...# #.....#
#.#.~~~~~~ #.### #.....#
###.#.~~~~~~ #.# #.....#
#.....~~~### #.# ###(###
#...#..~~#.. ##.#
#######.######......~~##.
###..###.......@...##..#....##.#
##.....##.##..#####.##.........##
.#.#.#.##.##..# #.##.....##...~
...#.#........# #.#####.###....
.###.###..#.#.# #.#####.......#
.#.....#..##..#####.......#####..
.#######............####..# #.#
.~~~~~~~.######.##### #..# #.#
.#######.# ##.## #..# #.#


There were no monsters in sight!

Vanquished Creatures
  An adder (D:2)
  2 worms (D:2)
  7 ball pythons
  3 endoplasms
  5 goblins (D:1)
  2 hobgoblins (D:2)
  A jackal (D:2)
  5 kobolds
  4 quokkas
  4 bats
  A frilled lizard (D:1)
  2 rats
37 creatures vanquished.

Notes
Turn   | Place    | Note
-------+----------+-------------------------------------------
     0 | D:1      | qw the Tengu Warper began the quest for the Orb.
     0 | D:1      | Reached XP level 1. HP: 12/12 MP: 4/4
     0 | D:1      | 0 ||| qw: Version: 0.1-a-89-g26bdef1
     0 | D:1      | 0 ||| qw: Game counter: 3179
     0 | D:1      | 0 ||| qw: Always use a shield: true
     0 | D:1      | 0 ||| qw: God list: Okawaru
     0 | D:1      | 0 ||| qw: Allow faded altars: false
     0 | D:1      | 0 ||| qw: Do Orc after D:15 true
     0 | D:1      | 0 ||| qw: Do second Lair branch before Depths: true
     0 | D:1      | 0 ||| qw: Lair rune preference: random
     0 | D:1      | 0 ||| qw: Plans: Normal
     0 | D:1      | 0 ||| PLANNING D:1-11
    36 | D:1      | 36 ||| Stepping ~*~*~tactically~*~*~ (stealth).
    37 | D:1      | 37 ||| Stepping ~*~*~tactically~*~*~ (stealth).
    38 | D:1      | 38 ||| Stepping ~*~*~tactically~*~*~ (stealth).
   119 | D:1      | Reached skill level 3 in Axes
   119 | D:1      | Reached XP level 2. HP: 17/17 MP: 6/6
   639 | D:1      | 639 ||| Stepping ~*~*~tactically~*~*~ (stealth).
  1060 | D:1      | 1060 ||| UPGRADING to +0 ring mail.
  1070 | D:1      | 1070 ||| DROPPING +0 leather armour.
  1071 | D:1      | 1071 ||| UPGRADING to +2 cloak.
  1076 | D:1      | 1076 ||| READING scroll labelled LOOFOE SONOL.
  1077 | D:1      | 1077 ||| DROPPING scroll of blinking.
  1138 | D:2      | Reached XP level 3. HP: 21/21 MP: 7/7
  1150 | D:2      | 1150 ||| Stepping ~*~*~tactically~*~*~ (stealth).
  1280 | D:2      | 1280 ||| Stepping ~*~*~tactically~*~*~ (stealth).
  1301 | D:2      | Reached skill level 4 in Axes
  1488 | D:2      | 1488 ||| Stepping ~*~*~tactically~*~*~ (stealth).
  1958 | D:2      | 1958 ||| READING 2 scrolls labelled MAUJASMUOSK.
  1996 | D:3      | Noticed Sigmund
  2001 | D:3      | 2001 ||| STAIRDANCE
  2003 | D:2      | Slain by Sigmund

Levels and vault maps discovered:
D:1:      kilobyte_arrival_exit_the_forest, layout_loops_ring,
          nicolae_kite_square_tiling_tiny
D:2:      layout_loops_cross, grunt_decor_junction, grunt_decor_cap,
          moated_statue, minmay_quadrilaterals
D:3:      layout_loops_ring, chequers_temple_overflow_statue_of_worship,
          uniq_sigmund

Skill      XL: |  1  2  3 |
---------------+----------+-----
Axes           | 3 4 |  4.5
Fighting       | |  2.0
Throwing       | |  1.0
Armour         | |  1.1
Dodging        | |  2.1
Spellcasting   | |  2.0
Translocations | |  2.4

Action                   || total
-------------------------++-------
Melee: Hand axe          ||    88
       Kick              ||    15
       Peck              ||    13
Throw: Boomerang         ||     7
  Use: Scroll            ||     2
Armor: Leather armour    ||     6
       Ring mail         ||    19
Dodge: Dodged            ||    38

Table legend:
 A = Non-vault XP
 B = Vault XP
 C = Vault XP percentage of total XP
 D = Non-vault monster count
 E = Vault monster count
 F = Vault count percentage of total count
                 A         B        C        D         E       F
            +---------+---------+-------+---------+---------+-------
      Total |      68 |       9 |  11.7 |      32 |       5 |  13.5
            +---------+---------+-------+---------+---------+-------
        D:1 |      32 |       0 |   0.0 |      19 |       0 |   0.0
        D:2 |      36 |       9 |  20.0 |      13 |       5 |  27.8
            +---------+---------+-------+---------+---------+-------
